cohdb
Replays
Latest Replays
All Replays
Popular Replays
Top Player Replays
Match Explorer
How It Works
Community
CoH3 Stats
Reddit
Sign in to upload your games and track your stats! →
Sign in with Steam
Match 39963476
Unlisted
Match 39963476
Overview
Messages
Build Orders
End
Construct Section Command Post
Infantry Section
Infantry Section
ML 3-inch Mortar Team
Infantry Section
Construct Platoon Command Post
CMP 15cwt Truck
Construct Company Command Post
Infantry Training
Foot Guards Section
Grenade Package
Selects Heavy Armor Battlegroup
Selects Rigorous Vehicle Training
Selects Forward Repair Assembly
Selects UNKNOWN (2162094)
Churchill IV Heavy Tank
Churchill IV Heavy Tank
Diamond㋛ge ◕‿◕
CrypTac!dE
LanceCriminal619
Nashorn101
0
0
Comments
sign in to comment!
No comments posted yet!